EVO
UNIVERSITY OF ARIZONA WILDCATS @ UNIVERSITY OF TORONTO MARLIES
12/13/2047
 
TOP OF THE 1ST
University of Toronto Marlies batting - Pitching for Fresno State University Bulldogs : LHP Randy Latendresse
Pitching: LHP Randy Latendresse
Batting: SHB Jose Melendez 0-0: Swinging Strike
0-1: Ball
1-1: Swinging Strike
1-2: Strikes out swinging
Batting: RHB Akichika Yamano 0-0: Fly out, F4 (Popup, 4, EV 80.6 MPH)
Batting: SHB Jack Tierney 0-0: Ball
1-0: Called Strike
1-1: Fly out, F8 (Flyball, 78D, EV 90.6 MPH)
Top of the 1st over - 0 runs, 0 hits, 0 errors, 0 left on base; University of Toronto 0 - Fresno State University 0
BOTTOM OF THE 1ST
Fresno State University Bulldogs batting - Pitching for University of Toronto Marlies : RHP Russ Robinson
Pitching: RHP Russ Robinson
Batting: RHB Jaquan Brown 0-0: Ball
1-0: Ball
2-0: Called Strike
2-1: Called Strike
2-2: Ball
3-2: Fly out, F9 (Flyball, 9, EV 82.5 MPH)
Batting: RHB Dou-wan Pan 0-0: Called Strike
0-1: Ball
1-1: SOLO HOME RUN (Flyball, 78XD, EV 101.2 MPH), Distance : 429 ft
Batting: LHB Ricardo Sandoval 0-0: Ball
1-0: SINGLE (Line Drive, 9S, EV 94.4 MPH)
Batting: RHB John Carpenter 0-0: Called Strike
Ricardo Sandoval steals 2nd base
0-1: Ball
1-1: Ball
2-1: Swinging Strike
2-2: Foul Ball, location: 2F
2-2: Ball
3-2: Base on Balls
Batting: LHB Kevin Feldman 0-0: Called Strike
0-1: Called Strike
0-2: Ball
1-2: Foul Ball, location: 2F
1-2: Ball
2-2: Ball
3-2: Strikes out looking
Batting: RHB Homer Petropoulos 0-0: Ground out 5-3 (Groundball, 5S, EV 70.0 MPH)
Bottom of the 1st over - 1 run, 2 hits, 0 errors, 2 left on base; University of Toronto 0 - Fresno State University 1
TOP OF THE 2ND
University of Toronto Marlies batting - Pitching for Fresno State University Bulldogs : LHP Randy Latendresse
Batting: LHB Efrem Isaev 0-0: Ball
1-0: Foul Ball, location: 2F
1-1: Foul Ball, location: 2F
1-2: Ball
2-2: Foul Ball, location: 2F
2-2: SOLO HOME RUN (Flyball, 89XD, EV 104.4 MPH), Distance : 409 ft
Batting: SHB Ed Thorpe Jr. 0-0: Ball
1-0: Called Strike
1-1: Swinging Strike
1-2: Ball
2-2: SINGLE (Groundball, 5D, EV 104.4 MPH)
Batting: RHB Jeff McClellan 0-0: Ball
1-0: Called Strike
1-1: Ball
2-1: Swinging Strike
2-2: Ball
3-2: Strikes out swinging
Batting: SHB Shannon Britten 0-0: Foul Ball, location: 2F
0-1: Ball
1-1: Ball
2-1: Ball
3-1: SINGLE (Line Drive, 89S, EV 101.9 MPH)
Ed Thorpe Jr. to second
Batting: LHB Tony Cisneros 0-0: Ball
1-0: Swinging Strike
1-1: Ball
2-1: Ball
3-1: Base on Balls
Ed Thorpe Jr. to third
Shannon Britten to second
Batting: RHB Tyler Cohen 0-0: Called Strike
0-1: Ball
1-1: Ball
2-1: Foul Ball, location: 2F
2-2: Ball
3-2: Strikes out swinging
Batting: SHB Jose Melendez 0-0: Ball
1-0: Called Strike
1-1: SINGLE (Groundball, 56, EV 103.8 MPH) (infield hit)
Ed Thorpe Jr. scores
Shannon Britten to third
Tony Cisneros to second
Batting: RHB Akichika Yamano 0-0: Ball
1-0: Ball
Passed Ball!
Shannon Britten scores
Tony Cisneros to third
Jose Melendez to second
2-0: Ground out 1-3 (Groundball, 34S, EV 62.5 MPH)
Top of the 2nd over - 3 runs, 4 hits, 0 errors, 2 left on base; University of Toronto 3 - Fresno State University 1
BOTTOM OF THE 2ND
Fresno State University Bulldogs batting - Pitching for University of Toronto Marlies : RHP Russ Robinson
Batting: RHB Pete Goerge 0-0: Foul Ball, location: 2F
0-1: Ball
1-1: SINGLE (Line Drive, 78S, EV 110.6 MPH)
Batting: RHB Javier Brizuela 0-0: Fly out, F9 (Flyball, 9D, EV 89.4 MPH)
Batting: RHB Xin Zhang 0-0: Ball
1-0: Called Strike
1-1: Ball
2-1: Called Strike
2-2: Fielders Choice at 2nd, 4-6 (Groundball, 4, EV 92.5 MPH)
Batting: RHB Jaquan Brown 0-0: Fly out, F8 (Flyball, 89M, EV 90.6 MPH)
Bottom of the 2nd over - 0 runs, 1 hit, 0 errors, 1 left on base; University of Toronto 3 - Fresno State University 1
TOP OF THE 3RD
University of Toronto Marlies batting - Pitching for Fresno State University Bulldogs : LHP Randy Latendresse
Batting: SHB Jack Tierney 0-0: Foul Ball, location: 2F
0-1: Ball
1-1: Foul Ball, location: 2F
1-2: Foul Ball, location: 2F
1-2: SINGLE (Line Drive, 89S, EV 109.4 MPH)
Batting: LHB Efrem Isaev 0-0: Foul Ball, location: 2F
0-1: Foul Ball, location: 2F
0-2: Ball
1-2: Ball
2-2: 2-RUN HOME RUN (Flyball, 78XD, EV 106.2 MPH), Distance : 417 ft
Batting: SHB Ed Thorpe Jr. 0-0: Swinging Strike
0-1: Foul Ball, location: 2F
0-2: Hit by Pitch
Batting: RHB Jeff McClellan 0-0: Ball
1-0: DOUBLE (Line Drive, 89D, EV 108.8 MPH)
Ed Thorpe Jr. to third
Batting: SHB Shannon Britten 0-0: Ground out 4-3 (Groundball, 4, EV 85.6 MPH)
Ed Thorpe Jr. scores
Jeff McClellan to third
Batting: LHB Tony Cisneros 0-0: Called Strike
0-1: Ball
1-1: Called Strike
1-2: Fly out, F7 (Flyball, 7, EV 91.2 MPH)
Runner from 3rd tags up, SCORES, throw by LF
Batting: RHB Tyler Cohen 0-0: Ball
1-0: Ball
2-0: Foul Ball, location: 2F
2-1: Ball
3-1: SOLO HOME RUN (Flyball, 78XD, EV 103.8 MPH), Distance : 412 ft
Pitching: LHP Berry Caron
Batting: SHB Jose Melendez 0-0: Ball
1-0: Ground out 3-1 (Groundball, 34, EV 83.1 MPH)
Top of the 3rd over - 5 runs, 4 hits, 0 errors, 0 left on base; University of Toronto 8 - Fresno State University 1
BOTTOM OF THE 3RD
Fresno State University Bulldogs batting - Pitching for University of Toronto Marlies : RHP Russ Robinson
Batting: RHB Dou-wan Pan 0-0: Ball
1-0: Fly out, F8 (Line Drive, 78M, EV 96.9 MPH)
Batting: LHB Ricardo Sandoval 0-0: Ball
1-0: Ball
2-0: Called Strike
2-1: Foul Ball, location: 2F
2-2: Ball
3-2: Fly out, F8 (Flyball, 8LD, EV 101.2 MPH)
Batting: RHB John Carpenter 0-0: Called Strike
0-1: Fly out, F9 (Flyball, 9S, EV 93.8 MPH)
Bottom of the 3rd over - 0 runs, 0 hits, 0 errors, 0 left on base; University of Toronto 8 - Fresno State University 1
TOP OF THE 4TH
University of Toronto Marlies batting - Pitching for Fresno State University Bulldogs : LHP Berry Caron
Batting: RHB Akichika Yamano 0-0: Called Strike
0-1: Foul Ball, location: 2F
0-2: Foul Ball, location: 2F
0-2: Foul Ball, location: 2F
0-2: Ball
1-2: Ball
2-2: Foul Ball, location: 2F
2-2: Foul Ball, location: 2F
2-2: Ground out 6-3 (Groundball, 6, EV 90.6 MPH)
Batting: SHB Jack Tierney 0-0: Foul Ball, location: 2F
0-1: Ball
1-1: Foul Ball, location: 2F
1-2: Ball
2-2: Foul Ball, location: 2F
2-2: Ball
3-2: Fly out, F6 (Popup, 6MD, EV 63.1 MPH)
Batting: LHB Efrem Isaev 0-0: Ball
1-0: Ball
2-0: Ball
3-0: Base on Balls
Batting: SHB Ed Thorpe Jr. 0-0: Ball
1-0: Ball
2-0: Foul Ball, location: 2F
2-1: 2-RUN HOME RUN (Flyball, 7LD, EV 93.8 MPH), Distance : 340 ft
Batting: RHB Jeff McClellan 0-0: Ball
1-0: Called Strike
1-1: Ball
2-1: Called Strike
2-2: Foul Ball, location: 2F
2-2: Foul Ball, location: 2F
2-2: Strikes out swinging
Top of the 4th over - 2 runs, 1 hit, 0 errors, 0 left on base; University of Toronto 10 - Fresno State University 1
BOTTOM OF THE 4TH
Fresno State University Bulldogs batting - Pitching for University of Toronto Marlies : RHP Russ Robinson
Batting: LHB Kevin Feldman 0-0: Fly out, F8 (Flyball, 8LD, EV 86.2 MPH)
Batting: RHB Homer Petropoulos 0-0: Ball
1-0: Called Strike
1-1: Called Strike
1-2: Fly out, F7 (Flyball, 7D, EV 105.0 MPH)
Batting: RHB Pete Goerge 0-0: Swinging Strike
0-1: Swinging Strike
0-2: Ball
1-2: Strikes out swinging
Bottom of the 4th over - 0 runs, 0 hits, 0 errors, 0 left on base; University of Toronto 10 - Fresno State University 1
TOP OF THE 5TH
University of Toronto Marlies batting - Pitching for Fresno State University Bulldogs : LHP Berry Caron
Batting: SHB Shannon Britten 0-0: Ball
1-0: Foul Ball, location: 2F
1-1: Ball
2-1: Ball
3-1: Fly out, F8 (Flyball, 89M, EV 95.0 MPH)
Batting: LHB Tony Cisneros 0-0: Called Strike
0-1: Ball
1-1: Called Strike
1-2: SINGLE (Groundball, 4MD, EV 103.1 MPH) (infield hit)
Pitching: RHP Manny Ojeda
Batting: RHB Tyler Cohen 0-0: Ball
1-0: Ball
2-0: Called Strike
2-1: Ball
3-1: Grounds into double play, 4-6-3 (Groundball, 4, EV 98.8 MPH)
Top of the 5th over - 0 runs, 1 hit, 0 errors, 0 left on base; University of Toronto 10 - Fresno State University 1
BOTTOM OF THE 5TH
Fresno State University Bulldogs batting - Pitching for University of Toronto Marlies : RHP Russ Robinson
Batting: RHB Javier Brizuela 0-0: Ball
1-0: Fly out, F6 (Line Drive, 56, EV 66.2 MPH)
Batting: RHB Xin Zhang 0-0: Ball
1-0: Ball
2-0: Ground out 1-3 (Groundball, 25, EV 64.4 MPH)
Batting: RHB Jaquan Brown 0-0: Ball
1-0: Swinging Strike
1-1: Ball
2-1: Ground out 4-3 (Groundball, 4, EV 88.1 MPH)
Bottom of the 5th over - 0 runs, 0 hits, 0 errors, 0 left on base; University of Toronto 10 - Fresno State University 1
TOP OF THE 6TH
University of Toronto Marlies batting - Pitching for Fresno State University Bulldogs : RHP Manny Ojeda
Batting: SHB Jose Melendez 0-0: Called Strike
0-1: Ball
1-1: Ground out 6-3 (Groundball, 6, EV 81.9 MPH)
Batting: RHB Akichika Yamano 0-0: Foul Ball, location: 2F
0-1: Ball
1-1: Ball
2-1: Foul Ball, location: 2F
2-2: Foul Ball, location: 2F
2-2: Strikes out swinging, 2-3 out at first.
Batting: SHB Jack Tierney 0-0: Ball
1-0: Ball
2-0: Ball
3-0: Called Strike
3-1: Base on Balls
Batting: LHB Efrem Isaev 0-0: Ball
1-0: Called Strike
1-1: Swinging Strike
1-2: Strikes out swinging passed ball, reaches first!
Jack Tierney to second
Batting: SHB Ed Thorpe Jr. 0-0: Called Strike
0-1: Called Strike
0-2: Foul Ball, location: 2F
0-2: Ball
1-2: Strikes out swinging
Top of the 6th over - 0 runs, 0 hits, 0 errors, 2 left on base; University of Toronto 10 - Fresno State University 1
BOTTOM OF THE 6TH
Fresno State University Bulldogs batting - Pitching for University of Toronto Marlies : RHP Russ Robinson
Batting: RHB Dou-wan Pan 0-0: Ball
1-0: Ball
2-0: Called Strike
2-1: Foul Ball, location: 2F
2-2: Fly out, F9 (Flyball, 9, EV 78.8 MPH)
Batting: LHB Ricardo Sandoval 0-0: Called Strike
0-1: Ball
1-1: Foul Ball, location: 2F
1-2: Ball
2-2: SOLO HOME RUN (Line Drive, 9LD, EV 92.5 MPH), Distance : 339 ft
Batting: RHB John Carpenter 0-0: Called Strike
0-1: Ball
1-1: Foul Ball, location: 2F
1-2: Strikes out looking
Pitching: RHP Kevin Knickle
Batting: LHB Kevin Feldman 0-0: Ball
1-0: Ball
2-0: Called Strike
2-1: Ball
3-1: Foul Ball, location: 2F
3-2: Ground out 5-3 (Groundball, 5, EV 85.0 MPH)
Bottom of the 6th over - 1 run, 1 hit, 0 errors, 0 left on base; University of Toronto 10 - Fresno State University 2
TOP OF THE 7TH
University of Toronto Marlies batting - Pitching for Fresno State University Bulldogs : RHP Manny Ojeda
Pitching: LHP Nick Chappell
Batting: RHB Jeff McClellan 0-0: Ball
1-0: SINGLE (Line Drive, 7LS, EV 102.5 MPH)
Batting: SHB Shannon Britten 0-0: Ball
1-0: Ball
2-0: Called Strike
2-1: Ball
3-1: Fly out, F9 (Flyball, 89M, EV 95.6 MPH)
Pinch Hitting: RHB Rich Vanegas 0-0: Ball
1-0: Foul Ball, location: 2F
1-1: Ball
2-1: Ball
3-1: Called Strike
3-2: Ground out 6-3 (Groundball, 6S, EV 65.0 MPH)
Jeff McClellan to second
Batting: RHB Tyler Cohen 0-0: Fly out, F8 (Flyball, 8LM, EV 81.9 MPH)
Top of the 7th over - 0 runs, 1 hit, 0 errors, 1 left on base; University of Toronto 10 - Fresno State University 2
BOTTOM OF THE 7TH
Fresno State University Bulldogs batting - Pitching for University of Toronto Marlies : RHP Kevin Knickle
Now at 2B: Alex Gonzalez
Batting: RHB Homer Petropoulos 0-0: Foul Ball, location: 2F
0-1: Ball
1-1: Swinging Strike
1-2: Foul Ball, location: 2F
1-2: Foul Ball, location: 2F
1-2: Foul Ball, location: 2F
1-2: Ball
2-2: Ball
3-2: Fly out, F8 (Flyball, 8RS, EV 81.2 MPH)
Batting: RHB Pete Goerge 0-0: Ball
1-0: Ball
2-0: Fly out, F7 (Flyball, 78M, EV 89.4 MPH)
Batting: RHB Javier Brizuela 0-0: Swinging Strike
0-1: Ground out 6-3 (Groundball, 6, EV 83.1 MPH)
Bottom of the 7th over - 0 runs, 0 hits, 0 errors, 0 left on base; University of Toronto 10 - Fresno State University 2
TOP OF THE 8TH
University of Toronto Marlies batting - Pitching for Fresno State University Bulldogs : LHP Nick Chappell
Batting: SHB Jose Melendez 0-0: Foul Ball, location: 2F
0-1: Foul Ball, location: 2F
0-2: Strikes out swinging wild pitch, reaches first!
Batting: RHB Sergio Andrada 0-0: Fly out, F9 (Line Drive, 9D, EV 85.0 MPH)
Batting: SHB Jack Tierney 0-0: Called Strike
0-1: Foul Ball, location: 2F
0-2: 2-RUN HOME RUN (Flyball, 9LD, EV 93.8 MPH), Distance : 339 ft
Batting: LHB Efrem Isaev 0-0: Ball
1-0: Foul Ball, location: 2F
1-1: Foul Ball, location: 2F
1-2: Ball
2-2: Ball
3-2: Fly out, F7 (Flyball, 78M, EV 93.1 MPH)
Batting: SHB Ed Thorpe Jr. 0-0: Ball
1-0: Ball
2-0: Foul Ball, location: 2F
2-1: Foul Ball, location: 2F
2-2: Ball
3-2: Base on Balls
Pitching: LHP Omar Nogueira
Batting: RHB Jeff McClellan 0-0: Foul Ball, location: 2F
0-1: Ball
1-1: Ball
2-1: Foul Ball, location: 2F
2-2: Fly out, F9 (Flyball, 9S, EV 84.4 MPH)
Top of the 8th over - 2 runs, 1 hit, 0 errors, 1 left on base; University of Toronto 12 - Fresno State University 2
BOTTOM OF THE 8TH
Fresno State University Bulldogs batting - Pitching for University of Toronto Marlies : RHP Kevin Knickle
Pinch Hitting: LHB Chris Viehman 0-0: Called Strike
0-1: Ball
1-1: Foul Ball, location: 2F
1-2: Ball
2-2: Fly out, F5 (Line Drive, 5, EV 66.2 MPH)
Pinch Hitting: LHB Troy Jones 0-0: Ground out 5-3 (Groundball, 56, EV 87.5 MPH)
Batting: RHB Dou-wan Pan 0-0: Called Strike
0-1: Foul Ball, location: 2F
0-2: Ground out 6-3 (Groundball, 6, EV 76.9 MPH)
Bottom of the 8th over - 0 runs, 0 hits, 0 errors, 0 left on base; University of Toronto 12 - Fresno State University 2
TOP OF THE 9TH
University of Toronto Marlies batting - Pitching for Fresno State University Bulldogs : LHP Omar Nogueira
Now at 3B: Mike Fermin
Now in RF: Troy Jones
Batting: SHB Shannon Britten 0-0: Called Strike
0-1: Foul Ball, location: 2F
0-2: Ball
1-2: Foul Ball, location: 2F
1-2: Foul Ball, location: 2F
1-2: Strikes out looking
Batting: RHB Alex Gonzalez 0-0: Foul Ball, location: 2F
0-1: Foul Ball, location: 2F
0-2: Ball
1-2: Foul Ball, location: 2F
1-2: SINGLE (Line Drive, 89S, EV 91.2 MPH)
Batting: RHB Tyler Cohen 0-0: Ball
1-0: Ball
2-0: Called Strike
2-1: Foul Ball, location: 2F
2-2: Ball
3-2: Foul Ball, location: 2F
3-2: 2-RUN HOME RUN (Flyball, 7LD, EV 96.9 MPH), Distance : 353 ft
Pitching: RHP Paul Holder
Batting: SHB Jose Melendez 0-0: Ball
1-0: Called Strike
1-1: Ball
2-1: Called Strike
2-2: Ball
3-2: Foul Ball, location: 2F
3-2: Ground out 5-3 (Groundball, 5L, EV 89.4 MPH)
Batting: RHB Logan Johnson 0-0: Swinging Strike
0-1: Ball
1-1: Foul Ball, location: 2F
1-2: Foul Ball, location: 2F
1-2: Ball
2-2: Ball
3-2: Fly out, F8 (Line Drive, 8LD, EV 97.5 MPH)
Top of the 9th over - 2 runs, 2 hits, 0 errors, 0 left on base; University of Toronto 14 - Fresno State University 2
BOTTOM OF THE 9TH
Fresno State University Bulldogs batting - Pitching for University of Toronto Marlies : RHP Kevin Knickle
Batting: LHB Ricardo Sandoval 0-0: SINGLE (Flyball, 8LS, EV 100.0 MPH)
Batting: RHB John Carpenter 0-0: SINGLE (Flyball, 8LS, EV 95.6 MPH)
Ricardo Sandoval to second
Pinch Hitting: RHB Andy Villarreal 0-0: Ball
1-0: Ball
2-0: Called Strike
2-1: Foul Ball, location: 2F
2-2: Foul Ball, location: 2F
2-2: Ball
3-2: Foul Ball, location: 2F
3-2: Foul Ball, location: 2F
3-2: Foul Ball, location: 2F
3-2: DOUBLE (Flyball, 8LXD, EV 107.5 MPH)
Ricardo Sandoval scores
John Carpenter to third
Pitching: RHP Kevin Weil
Batting: RHB Homer Petropoulos 0-0: Foul Ball, location: 2F
0-1: Ball
1-1: Ball
2-1: Ground out U3 (Groundball, 34, EV 93.1 MPH)
John Carpenter scores
Andy Villarreal to third
Batting: RHB Pete Goerge 0-0: Swinging Strike
0-1: Called Strike
0-2: Ball
1-2: Strikes out looking
Pinch Hitting: RHB Adam Angeles 0-0: Swinging Strike
0-1: Ground out 5-3 (Groundball, 56S, EV 90.0 MPH)
Bottom of the 9th over - 2 runs, 3 hits, 0 errors, 1 left on base; University of Toronto 14 - Fresno State University 4
Thursday, December 15th , 2022 - OOTP Baseball 23.9 Build 102